[Event "Late-Titled-Tuesday-Blitz-February-27-2024"]
[Site "Chess.com"]
[Date "2024.02.27"]
[Round "6"]
[White "Bugcrusher"]
[Black "Sjakkerntobi"]
[Result "1-0"]
[WhiteElo "2581"]
[BlackElo "2457"]
[TimeControl "180+1"]
[EndTime "15:05:33 PST"]
[Termination "Bugcrusher won by resignation"]

1. d4 Nf6 2. c4 e6 3. Nf3 c5 4. e3 d5 5. Nc3 Nc6 6. a3 cxd4 7. exd4 Be7 8. cxd5 exd5 9. h3 O-O 10.
Bd3 h6 11. O-O Re8 12. Re1 Bd6 13. Rxe8+ Qxe8 14. Be3 Be6 15. Qd2 Bf8 16. Ne5 a6 17. f4 Rd8 18. Re1 Na5 19. f5 Bc8 20. g4 Nc4 21.
Nxc4 dxc4 22. Bxc4 Qc6 23. Bf1 Bd6 24. Bg2 Qc7 25. Rf1 Bd7 26. Bf4 Bc6 27. Bxd6 Qxd6 28. Bxc6 bxc6 29. Qf2 Qxd4 30. Rd1 Qxf2+ 31. Kxf2 Rxd1 32.
Nxd1 Kf8 33. Nc3 Ke7 34. Ke3 Kd6 35. Kd4 Nd7 36. Ne4+ Kc7 37. Nc5 Nb8 38. Ke5 Nd7+ 39. Nxd7 Kxd7 40. b4 f6+ 41. Kd4 Kc7 42. Kc5 Kb7 43.
Kd6 Kb6 44. a4 Kb7 45. a5 1-0

[Event "Late-Titled-Tuesday-Blitz-February-27-2024"]
[Site "Chess.com"]
[Date "2024.02.27"]
[Round "6"]
[White "CheckBits"]
[Black "rdarruda"]
[Result "1/2-1/2"]
[WhiteElo "2376"]
[BlackElo "2507"]
[TimeControl "180+1"]
[EndTime "15:05:33 PST"]
[Termination "Game drawn by repetition"]

1. d4 Nf6 2. Nf3 e6 3. Bf4 d5 4. e3 c5 5. Nbd2 Nc6 6. c3 Bd6 7. Bxd6 Qxd6 8. Bd3 O-O 9. O-O e5 10. dxc5 Qxc5 11. e4 Bg4 12. Qb3 Rfd8 13. Rfe1 d4 14. Rac1 dxc3 15. Rxc3 Qb6 16. Ng5 Qxb3 17. Rxb3 h6 18.
Ngf3 Be6 19. Bc4 Bxc4 20. Nxc4 b6 21. Ncxe5 Nxe5 22. Nxe5 Re8 23. Rb5 Rac8 24. f4 Rc2 25. a4 Rd8 26. Nf3 Rdc8 27. e5 Ng4 28. h3 Nf2 29. e6 Nd3 30. exf7+ Kxf7 31. Ne5+ Nxe5 32. Rexe5 Rd2 33. Red5 Rcc2 34. Rxd2 Rxd2 35. a5 bxa5 36. Rxa5 Rxb2 37. Rxa7+ Kf6 38. Kh2 Rb3 39. Ra5 g6 40. Kg1 h5 41. Kh2 Rc3 42. Rb5 Rd3 43. Rg5 Rc3 44.
Rg3 Rc4 45. Rf3 h4 46. g4 hxg3+ 47. Kxg3 g5 48. fxg5+ Kxg5 49. Rd3 Rb4 50. Rd5+ Kg6 51. Rd6+ Kh5 52. Rd5+ Kg6 53. Re5 Rb3+ 54. Kg4 Rb4+ 55.
Kf3 Rb3+ 56. Kg4 Rb4+ 57. Kg3 Rb3+ 58. Kh4 Rb4+ 59. Kg3 1/2-1/2

[Event "Late-Titled-Tuesday-Blitz-February-27-2024"]
[Site "Chess.com"]
[Date "2024.02.27"]
[Round "6"]
[White "katharinareinecke"]
[Black "kalxandria"]
[Result "0-1"]
[WhiteElo "1997"]
[BlackElo "2160"]
[TimeControl "180+1"]
[EndTime "15:05:33 PST"]
[Termination "kalxandria won on time"]

1. e4 e5 2. Nc3 Nf6 3. f4 exf4 4. e5 Ng8 5. d4 Qh4+ 6. Ke2 d6 7. Nf3 Bg4 8. Bxf4 Bxf3+ 9. Kxf3 Nc6 10. g3 Qh5+ 11. g4 Qg6 12. Bd3 Nxd4+ 13. Kg3 f5 14. exd6 Bxd6 15. Bxd6 cxd6 16. Nb5 f4+ 17. Kf2 Qf6 18.
Nc7+ Kd7 19. Nxa8 Qh4+ 20. Kf1 Qh3+ 21. Ke1 Qe3+ 22. Be2 Nf3+ 23. Kf1 Nd2+ 24. Kg2 f3+ 25. Bxf3 Nxf3 26. Qxf3 Qd2+ 27. Qf2 Qd5+ 28. Kg3 Nf6 29. Qf5+ Qxf5 30. gxf5 Rxa8 31. Rad1 d5 32. Rhe1 Ne4+ 33. Kg2 Kc6 34. h4 h5 35. c4 Nf6 36. cxd5+ Nxd5 37. Re6+ Kc5 38. f6 gxf6 0-1

[Event "Late-Titled-Tuesday-Blitz-February-27-2024"]
[Site "Chess.com"]
[Date "2024.02.27"]
[Round "6"]
[White "TigrVShlyape"]
[Black "BabageldiAnnaberdiyev"]
[Result "1-0"]
[WhiteElo "2910"]
[BlackElo "2646"]
[TimeControl "180+1"]
[EndTime "15:05:34 PST"]
[Termination "TigrVShlyape won by checkmate"]

1. d4 e6 2. Bf4 d5 3. e3 Bd6 4. Bg3 f5 5. Nf3 Nf6 6. c4 c6 7. Nc3 O-O 8. Bd3 Ne4 9. Bxd6 Qxd6 10. Rc1 Nd7 11. O-O a5 12. a3 h6 13. Qb3 Kh7 14. Qc2 g5 15. Nd2 Ndf6 16. f3 Nxd2 17. Qxd2 Kg7 18. c5 Qd8 19. f4 g4 20. Na4 Nd7 21. Ra1 Qc7 22. b4 axb4 23. axb4 h5 24. b5 Nf6 25. b6 Qe7 26. Nb2 Rb8 27. Bc2 h4 28. Nd3 Bd7 29. Ne5 Be8 30. Ra7 Nd7 31.
Nd3 Nf6 32. Rfa1 Ne4 33. Qe1 g3 34. h3 Bh5 35. Ne5 Rfc8 36. Ba4 Be8 37. Bd1 Kh6 38. Be2 Nxc5 39. dxc5 Qxc5 40. R7a3 Qxb6 41. Nf3 Qd8 42.
Qc3 Bg6 43. Qe5 Qe7 44. Ra7 c5 45. Ng5 Re8 46. Bb5 c4 47. Bxe8 Rxe8 48. Rb1 Qc5 49. Rbxb7 c3 50. Rh7+ Bxh7 51. Rxh7+ Kg6 52. Qg7# 1-0

[Event "Late-Titled-Tuesday-Blitz-February-27-2024"]
[Site "Chess.com"]
[Date "2024.02.27"]
[Round "6"]
[White "DefiantChair"]
[Black "Piotrek1979"]
[Result "1-0"]
[WhiteElo "2658"]
[BlackElo "2459"]
[TimeControl "180+1"]
[EndTime "15:05:35 PST"]
[Termination "DefiantChair won by resignation"]

1. e4 c5 2. Nf3 d6 3. d4 Nf6 4.
Nc3 cxd4 5. Nxd4 Bd7 6. f3 Nc6 7. Be3 g6 8. Qd2 Bg7 9. Bc4 h5 10. h4 Rc8 11. Bb3 Ne5 12. O-O-O Qa5 13. Kb1 a6 14. f4 Neg4 15. Bg1 Rxc3 16. Qxc3 Qxc3 17. bxc3 Nxe4 18. Re1 Nxc3+ 19. Kc1 Bf6 20. Kd2 Nb5 21. Nxb5 Bxb5 22. Bd5 Bc6 23. Bxc6+ bxc6 24. Rb1 c5 25.
Rb8+ Kd7 26. Rxh8 Bxh8 27. Rh3 Kc6 28. Ra3 Kb7 29. Rb3+ Ka7 30. a4 Bf6 31. g3 e6 32.
Rd3 Be7 33. Bxc5+ dxc5 34. Rd7+ Kb6 35. Rxe7 Nf2 36. Ke3 Ng4+ 37. Ke2 Nh6 38. c4 Ka5 39. Ra7 Kxa4 40. Rxa6+ Kb4 41. Kd3 Nf5 42. Rb6+ Ka5 43. Rb5+ Ka6 44. Rxc5 Nxg3 45. Rc7 Nf5 46. Rxf7 Nxh4 47.
Rf6 Kb6 48. Rxe6+ Kc5 49. Re5+ Kc6 50. Kc3 Nf3 51. Re6+ Kc5 52. Rxg6 h4 53. Rh6 h3 54. Rxh3 Ng1 55. Rh5+ Kd6 56. Kb4 Ke6 57. c5 Ne2 58.
c6 Kd6 59. Kb5 Nd4+ 60. Kb6 Ne6 61. Rh6 Ke7 62. Rxe6+ Kd8 63. c7+ Kd7 64. c8=Q+ 1-0

[Event "Late-Titled-Tuesday-Blitz-February-27-2024"]
[Site "Chess.com"]
[Date "2024.02.27"]
[Round "6"]
[White "chessydotcom"]
[Black "laskakid"]
[Result "1-0"]
[WhiteElo "2270"]
[BlackElo "2379"]
[TimeControl "180+1"]
[EndTime "15:05:36 PST"]
[Termination "chessydotcom won on time"]

1. e4 e5 2. Nf3 Nf6 3. Nxe5 Nxe4 4. Qe2 Qe7 5. Qxe4 d6 6. d4 dxe5 7. dxe5 Nc6 8. Bc4 Nxe5 9. O-O Nxc4 10. Qxc4 Be6 11.
Qb5+ c6 12. Qd3 Qd7 13. Qf3 Be7 14. Nc3 O-O 15. Bf4 Rfd8 16. Qg3 Bf6 17. Ne4 Be7 18.
Be5 f6 19. Bxf6 g6 20. Qg5 Re8 21. Rad1 Qc7 22. Bxe7 Rxe7 23. Nf6+ Kg7 24. Nh5+ Kg8 25. Nf4 Bf7 26. Nd3 Rae8 27. Qc5 Bxa2 28. b3 b6 29. Qa3 Re2 30. Qxa2 c5 31. b4+ c4 32. Rfe1 1-0

[Event "Late-Titled-Tuesday-Blitz-February-27-2024"]
[Site "Chess.com"]
[Date "2024.02.27"]
[Round "6"]
[White "Hrant_ChessMood"]
[Black "Kosak12"]
[Result "1-0"]
[WhiteElo "3003"]
[BlackElo "2801"]
[TimeControl "180+1"]
[EndTime "15:05:37 PST"]
[Termination "Hrant_ChessMood won on time"]

1. Nf3 Nf6 2. c4 e6 3. Nc3 d5 4. d4 h6 5. e3 Nbd7 6. b3 Bb4 7.
Bd2 O-O 8. Bd3 b6 9. O-O Bb7 10. Nxd5 Nxd5 11. cxd5 Bxd2 12. dxe6 Bxf3 13. gxf3 Bxe3 14.
fxe3 fxe6 15. f4 c5 16. Bc4 Qf6 17. Qg4 Kh8 18. Qxe6 Qxe6 19. Bxe6 Nf6 20. d5 Rad8 21. Rad1 Ne4 22. f5 g5 23. fxg6 Kg7 24. Rf7+ Kxg6 25.
Rxa7 Kh5 26. Rf1 Rxf1+ 27. Kxf1 Nc3 28. Rf7 Kg6 29. Rf5 Nxa2 30. Ke2 Nc3+ 31. Kd3 Nb5 32. Rf1 Nc7 33. Ke4 b5 34. Ke5 c4 35. bxc4 bxc4 36. Rg1+ Kh5 37. Rc1 1-0

[Event "Late-Titled-Tuesday-Blitz-February-27-2024"]
[Site "Chess.com"]
[Date "2024.02.27"]
[Round "6"]
[White "aistrel"]
[Black "GilbertoHernandezAmura"]
[Result "0-1"]
[WhiteElo "2535"]
[BlackElo "2456"]
[TimeControl "180+1"]
[EndTime "15:05:37 PST"]
[Termination "GilbertoHernandezAmura won on time"]

1. d4 Nf6 2. Nc3 c5 3. d5 d6 4.
e4 g6 5. Bf4 Bg7 6. Qd2 Na6 7.
Nf3 Nc7 8. h3 a6 9. e5 dxe5 10.
Bxe5 O-O 11. O-O-O Nce8 12. Bf4 b5 13. Bh6 b4 14.
Bxg7 bxc3 15. Qxc3 Kxg7 16. Qxc5 Bf5 17. c4 Rc8 18.
Qd4 Kg8 19. Bd3 Bxd3 20. Rxd3 Nd6 21. b3 Qa5 22. Kb1 Nf5 23. Qe5 Qb6 24. g4 Nd6 25. Ka1 Rfe8 26. Re3 a5 27. Rb1 a4 28. Qd4 Qa6 29. Kb2 axb3 30. axb3 Nxc4+ 31. bxc4 Rxc4 32. Qe5 Nd7 33. Qg3 Rb8+ 34. Qxb8+ Nxb8 0-1

[Event "Late-Titled-Tuesday-Blitz-February-27-2024"]
[Site "Chess.com"]
[Date "2024.02.27"]
[Round "6"]
[White "elchacal664"]
[Black "WilsonPalencia21"]
[Result "1-0"]
[WhiteElo "2433"]
[BlackElo "2561"]
[TimeControl "180+1"]
[EndTime "15:05:37 PST"]
[Termination "elchacal664 won by checkmate"]

1. Nf3 c5 2. g3 g6 3. Bg2 Bg7 4. O-O Nc6 5. e4 d6 6. Re1 e5 7. a3 Nge7 8. Nc3 O-O 9. Rb1 a5 10. Nb5 h6 11. h3 Be6 12. d3 Qd7 13. Kh2 f5 14. exf5 gxf5 15. Nh4 Rae8 16. c4 Nd4 17. Nxd4 cxd4 18. b4 b5 19. bxa5 bxc4 20. Rb7 Qd8 21. a6 cxd3 22. a7 e4 23. Qa4 Qa8 24. Rc7 Nd5 25. Rxg7+ Kxg7 26. Qxd4+ Nf6 27. g4 fxg4 28.
Bxe4 d5 29. Bxd3 Qc6 30. Qf4 Ng8 31. Bb2+ Nf6 32. hxg4 Kg8 33. Bxf6 Bd7 34. Rxe8 Bxe8 35. a8=Q Qxa8 36. Qxh6 Kf7 37. Qg7+ Ke6 38. Qe7# 1-0

[Event "Late-Titled-Tuesday-Blitz-February-27-2024"]
[Site "Chess.com"]
[Date "2024.02.27"]
[Round "6"]
[White "manitodeplomo"]
[Black "MeisterJabo"]
[Result "1-0"]
[WhiteElo "2666"]
[BlackElo "2469"]
[TimeControl "180+1"]
[EndTime "15:05:40 PST"]
[Termination "manitodeplomo won on time"]

1. d4 Nf6 2. c4 e6 3. Nf3 d5 4. Nc3 Be7 5. Bg5 h6 6. Bxf6 Bxf6 7. Qc2 O-O 8. O-O-O c6 9. e4 dxe4 10. Qxe4 Nd7 11.
h4 Re8 12. Bd3 Nf8 13. g4 Rb8 14. g5 hxg5 15. hxg5 Bxg5+ 16. Kc2 f5 17. Qe5 Bd7 18. Nxg5 Qxg5 19. Rdg1 Qe7 20. Rh2 Qf7 21. Rhg2 g6 22. Rh2 Qg7 23. Qf4 e5 24. dxe5 Qxe5 25. Qh6 Qg7 26. Qf4 Qe5 27. Qh4 Qg7 28. Rhg2 Re6 29. Ne2 Rd6 30. Nf4 Re8 31. c5 Rd4 32. b3 Re5 33.
Bc4+ Be6 34. Nxe6 Nxe6 35. Qh2 Rxc4+ 36. bxc4 Nf8 37. Qf4 Rxc5 38. Kb3 Qf7 39. Qd4 Rb5+ 40. Kc3 Ra5 41. Rh2 Ra3+ 42. Kb2 1-0

[Event "Late-Titled-Tuesday-Blitz-February-27-2024"]
[Site "Chess.com"]
[Date "2024.02.27"]
[Round "6"]
[White "jcmesafischer"]
[Black "miraitrunks"]
[Result "1-0"]
[WhiteElo "2374"]
[BlackElo "2213"]
[TimeControl "180+1"]
[EndTime "15:05:40 PST"]
[Termination "jcmesafischer won by checkmate"]

1. e4 c5 2. Nf3 d6 3. Bb5+ Bd7 4.
Bxd7+ Qxd7 5. c4 Nc6 6. d4 cxd4 7. Nxd4 g6 8. O-O Bg7 9. Be3 Nf6 10. f3 O-O 11. Nc3 a6 12. Qd3 Rac8 13. b3 Ne5 14.
Qd2 e6 15. Rfd1 Rfd8 16. h3 Nc6 17. Rac1 d5 18. exd5 exd5 19. c5 Re8 20. Nxc6 bxc6 21.
Bd4 Qf5 22. Re1 Nh5 23. Bxg7 Kxg7 24. Ne2 Re7 25. g4 Qe5 26. gxh5 gxh5 27. Qd4 f6 28. Qxe5 fxe5 29. Kf2 Kf6 30. Ng3 h4 31. Nf1 Kf5 32. Ne3+ Kf4 33. Rg1 d4 34. Rg4# 1-0

[Event "Late-Titled-Tuesday-Blitz-February-27-2024"]
[Site "Chess.com"]
[Date "2024.02.27"]
[Round "6"]
[White "rhwr"]
[Black "Vasily85"]
[Result "0-1"]
[WhiteElo "2332"]
[BlackElo "2494"]
[TimeControl "180+1"]
[EndTime "15:05:42 PST"]
[Termination "Vasily85 won by resignation"]

1. e4 c6 2. Nc3 d5 3. d4 dxe4 4. Nxe4 Nd7 5. Nf3 Ngf6 6. Ng3 e6 7. Bd3 Bd6 8. O-O O-O 9. c4 b6 10. Bd2 Bb7 11. b4 Re8 12. c5 Bf8 13. Bf4 Nd5 14.
Bd2 e5 15. dxe5 Nxe5 16. Nxe5 Rxe5 17. f4 Re8 18. Rc1 Qf6 19. Qf3 Rad8 20. Kh1 b5 21.
Be4 Qd4 22. Bxd5 Rxd5 23. Bc3 Qd3 24. Qg4 Bc8 25. f5 Re3 26. Nh5 f6 27. Nxf6+ Kh8 28. Nxd5 Qxd5 29. f6 Bxg4 30. fxg7+ Bxg7 31. Rf8+ Qg8 32. Rxg8+ Kxg8 33. h3 Bxc3 34. hxg4 Re1+ 35. Rxe1 Bxe1 36.
a3 a5 37. bxa5 Bxa5 0-1

[Event "Late-Titled-Tuesday-Blitz-February-27-2024"]
[Site "Chess.com"]
[Date "2024.02.27"]
[Round "6"]
[White "Evgeny81"]
[Black "Bryanl106"]
[Result "0-1"]
[WhiteElo "2773"]
[BlackElo "2592"]
[TimeControl "180+1"]
[EndTime "15:05:44 PST"]
[Termination "Bryanl106 won on time"]

1. e4 e5 2. Nf3 Nc6 3. Bb5 a6 4. Ba4 Nf6 5. O-O Be7 6. Re1 b5 7. Bb3 d6 8. c3 O-O 9. h3 a5 10. d4 Bd7 11. a3 a4 12. Ba2 h6 13.
Nbd2 Re8 14. Nf1 Bf8 15. Ng3 Na5 16. Be3 Be6 17. Bxe6 Rxe6 18. Qc2 Nc4 19. Rad1 Qc8 20. Bc1 Re8 21. Nf5 Qb7 22. d5 Rad8 23. g4 c6 24. dxc6 Qxc6 25. g5 hxg5 26. Bxg5 d5 27. Bxf6 Qxf6 28. Rxd5 Rxd5 29. exd5 g6 30. N5h4 Bc5 31.
Re2 Nd6 32. Qd2 e4 33. Qg5 Qh8 34. Nd2 Re5 35. Qd8+ Re8 36. Qg5 Re5 37. Qg3 Qf6 38. Ng2 Rg5 39. Nxe4 Nxe4 40. Qb8+ Kg7 41. h4 Bxf2+ 42.
Kh1 Ng3+ 43. Kh2 Nxe2 44. hxg5 Qxg5 45. Qc8 Bg1+ 46. Kh1 Qh5+ 0-1

[Event "Late-Titled-Tuesday-Blitz-February-27-2024"]
[Site "Chess.com"]
[Date "2024.02.27"]
[Round "6"]
[White "DryCounty"]
[Black "Peroncio"]
[Result "1-0"]
[WhiteElo "2665"]
[BlackElo "2424"]
[TimeControl "180+1"]
[EndTime "15:05:45 PST"]
[Termination "DryCounty won on time"]

1. e4 c5 2. Nf3 d6 3. d4 cxd4 4. Nxd4 Nf6 5. Nc3 a6 6. Be2 e5 7. Nb3 Be7 8. O-O O-O 9. Re1 Be6 10. Bf1 Nbd7 11. Nd5 Bxd5 12. exd5 Re8 13. c4 Bf8 14. Be3 g6 15. Nd2 Nh5 16. b4 f5 17. Nb3 Bg7 18. Rc1 Rc8 19. c5 dxc5 20. Nxc5 Nxc5 21. Bxc5 Kh8 22. d6 Qd7 23. g3 Nf6 24. Bg2 e4 25.
Qb3 Rc6 26. Red1 b6 27. Be3 Rxd6 28. Bxb6 Rd3 29. Rxd3 exd3 30. Rd1 Qb5 31. Bd4 Ng4 32. Bxg7+ Kxg7 33. Qc3+ Qe5 34. Qxd3 Qe2 35. Qd4+ Kh6 36. Bf1 1-0

[Event "Late-Titled-Tuesday-Blitz-February-27-2024"]
[Site "Chess.com"]
[Date "2024.02.27"]
[Round "6"]
[White "dimoni64"]
[Black "Roedor"]
[Result "0-1"]
[WhiteElo "1973"]
[BlackElo "2299"]
[TimeControl "180+1"]
[EndTime "15:05:45 PST"]
[Termination "Roedor won by checkmate"]

1. d4 Nf6 2. c4 g6 3. Nc3 Bg7 4. e4 d6 5. Nf3 O-O 6. Be2 e5 7. O-O Nc6 8. d5 Ne7 9. Ne1 Nd7 10. Be3 f5 11. f3 f4 12. Bf2 g5 13.
Rc1 Nf6 14. c5 Ng6 15. cxd6 cxd6 16. Nb5 Rf7 17. Nxa7 Bd7 18. Nb5 Bf8 19. Nc7 Ba4 20. b3 Rxc7 21. Rxc7 Qxc7 22. bxa4 g4 23. Nd3 g3 24.
hxg3 fxg3 25. Bxg3 Nh5 26. Bf2 Bh6 27. g4 Nhf4 28. Nxf4 Bxf4 29. Qb3 h5 30. Rb1 hxg4 31.
fxg4 Qh7 32. Qxb7 Qh2+ 33. Kf1 Qh1+ 34. Bg1 Rf8 35. Bd3 Be3+ 36. Ke2 Qf3+ 37. Ke1 Bxg1 38. Be2 Qxe4 39. Rb4 Qc2 40. Rc4 Bf2+ 41. Kf1 Bd4+ 42. Ke1 Bc3+ 43. Rxc3 Qxc3+ 44. Kd1 Rc8 45. Qd7 Qc1# 0-1

[Event "Late-Titled-Tuesday-Blitz-February-27-2024"]
[Site "Chess.com"]
[Date "2024.02.27"]
[Round "6"]
[White "chess94cu"]
[Black "Caracal3000"]
[Result "1-0"]
[WhiteElo "2704"]
[BlackElo "2530"]
[TimeControl "180+1"]
[EndTime "15:05:47 PST"]
[Termination "chess94cu won by checkmate"]

1. Nf3 d5 2. c4 e6 3. e3 Nf6 4. Nc3 Be7 5. b3 O-O 6. Bb2 b6 7. Be2 Bb7 8. O-O c5 9. cxd5 Nxd5 10. d4 Bf6 11. Rc1 Nd7 12. Ne4 Be7 13. Qc2 Rc8 14.
Qb1 cxd4 15. Nxd4 Rxc1 16. Rxc1 Qa8 17. Bf3 Rc8 18. Nb5 Rxc1+ 19. Qxc1 N7f6 20. Nxf6+ Nxf6 21. Nd4 Bxf3 22. Nxf3 Nd5 23. h3 h6 24. Qc4 Qb7 25. Ne5 Bf6 26. e4 Ne7 27. Bc3 b5 28. Qd3 Nc6 29.
Nf3 Bxc3 30. Qxc3 b4 31. Qc5 Qb6 32. Qd6 Kh7 33. g3 Qa6 34. Kg2 Qxa2 35. Qxc6 Qxb3 36. Qb7 a5 37. Qxf7 Qb1 38. Qxe6 b3 39. Qf5+ Kh8 40.
Ne5 b2 41. Ng6+ Kg8 42. Ne7+ Kh8 43. Qf8+ Kh7 44. Qg8# 1-0

[Event "Late-Titled-Tuesday-Blitz-February-27-2024"]
[Site "Chess.com"]
[Date "2024.02.27"]
[Round "6"]
[White "Boorchess"]
[Black "igorknyazev"]
[Result "1-0"]
[WhiteElo "2528"]
[BlackElo "2221"]
[TimeControl "180+1"]
[EndTime "15:05:47 PST"]
[Termination "Boorchess won by resignation"]

1. d4 Nf6 2. c4 c5 3. d5 b5 4.
cxb5 a6 5. f3 axb5 6. e4 Ba6 7. e5 Ng8 8. f4 d6 9. Nf3 g6 10. Nc3 b4 11. Bxa6 Nxa6 12. e6 fxe6 13. dxe6 Bh6 14. Qa4+ Kf8 15. Ne4 Nf6 16. Nxf6 exf6 17.
O-O Nc7 18. Qb3 d5 19. f5 Bxc1 20. Raxc1 Qd6 21. Qc2 gxf5 22. Qxf5 Ke7 23. Nd4 Ne8 24. Nb5 Qe5 25. Rxc5 Qxf5 26. Rxf5 Kxe6 27. Rfxd5 Ng7 28. Nc7+ Kf7 29. Nxa8 Rxa8 30. Ra5 Rc8 31. Rdc5 Rd8 32. Rc2 Ne6 33. h3 Nd4 34. Rf2 Rd6 35. Kh2 Rc6 36. Rd5 Nc2 37. Rd3 Ne1 38. Re3 Re6 39. Rxe6 Kxe6 40. Re2+ Kf5 41. Rxe1 Kf4 42. a3 f5 43. axb4 h5 44. b5 h4 45. b6 Kg5 46. b7 f4 47.
b8=Q 1-0

[Event "Late-Titled-Tuesday-Blitz-February-27-2024"]
[Site "Chess.com"]
[Date "2024.02.27"]
[Round "6"]
[White "Tugrik1969"]
[Black "Capablanca_Oujda_2021"]
[Result "0-1"]
[WhiteElo "2389"]
[BlackElo "2520"]
[TimeControl "180+1"]
[EndTime "15:05:47 PST"]
[Termination "Capablanca_Oujda_2021 won on time"]

1. d4 Nf6 2. c4 e6 3. Nf3 d5 4. g3 c6 5. Bg2 Bd6 6. O-O Ne4 7. Nc3 f5 8. Qc2 O-O 9. Rb1 Nd7 10. b4 Ndf6 11. b5 Bd7 12. a4 Rc8 13. c5 cxb5 14. axb5 Bb8 15. Bf4 Bxf4 16. gxf4 Nxc3 17. Qxc3 Ne4 18.
Qa3 Ra8 19. Rfc1 g5 20. fxg5 Nxg5 21. Ne5 Be8 22. c6 bxc6 23. bxc6 Rc8 24. Qg3 f4 25. Qg4 Kh8 26. h4 Ne4 27. Qxe6 Rf6 28. Qg4 Rc7 29. Bxe4 dxe4 30. Kf1 Qxd4 31. Qg5 Rf8 32. Rb8 f3 0-1

[Event "Late-Titled-Tuesday-Blitz-February-27-2024"]
[Site "Chess.com"]
[Date "2024.02.27"]
[Round "6"]
[White "Njal28"]
[Black "Polish_fighter3000"]
[Result "0-1"]
[WhiteElo "3033"]
[BlackElo "3107"]
[TimeControl "180+1"]
[EndTime "15:05:48 PST"]
[Termination "Polish_fighter3000 won by resignation"]

1. d4 Nf6 2. c4 g6 3. Nc3 d5 4. cxd5 Nxd5 5. e4 Nxc3 6. bxc3 Bg7 7. Nf3 c5 8. Bb5+ Bd7 9. Bxd7+ Qxd7 10. O-O O-O 11. Rb1 Nc6 12. Be3 Na5 13. Qe2 Rac8 14. d5 Qa4 15. Bg5 e6 16. Be7 Rfe8 17. d6 b6 18. Qb5 Qxb5 19. Rxb5 Nc6 20. d7 Nxe7 21. Rd1 Bxc3 22. Rb3 Bg7 23. Rbd3 Nc6 24. Rd6 Red8 25. dxc8=Q Rxc8 26. Rc1 Rc7 27. Kf1 Kf8 28. a3 Bb2 29. Rc2 Bxa3 30. e5 Ke7 31. Rd1 b5 32. Re1 Bb4 33. Re4 a5 34. Ng5 h6 35. Nf3 a4 36.
Ne1 Rd7 37. Ke2 Nd4+ 38. Rxd4 Rxd4 39. Nd3 a3 40. Nxc5 Rc4 41. Rxc4 bxc4 42. Na6 a2 0-1

[Event "Late-Titled-Tuesday-Blitz-February-27-2024"]
[Site "Chess.com"]
[Date "2024.02.27"]
[Round "6"]
[White "SantoBlue"]
[Black "Adar_07"]
[Result "1-0"]
[WhiteElo "2982"]
[BlackElo "2784"]
[TimeControl "180+1"]
[EndTime "15:05:50 PST"]
[Termination "SantoBlue won by checkmate"]

1. e4 e5 2. Nf3 Nc6 3. Bb5 Nf6 4. d3 d6 5. c3 Be7 6. O-O O-O 7. Re1 a6 8. Ba4 b5 9. Bc2 Bg4 10. Nbd2 d5 11.
h3 Bh5 12. exd5 Nxd5 13. Ne4 Bg6 14. Ng3 Bf6 15. Ne4 Be7 16. a4 b4 17. Bd2 bxc3 18.
bxc3 Rb8 19. Ng3 Nf4 20. Bxf4 exf4 21. Ne4 Rb2 22. Qc1 Qb8 23. Ned2 Bf6 24. Ra3 Na5 25. Ne4 Be7 26. Ra1 c5 27. Rb1 Rxb1 28. Bxb1 Rd8 29.
Bc2 Qc7 30. c4 Nc6 31. Nc3 Nb4 32. Ne5 Bf6 33. Nxg6 hxg6 34. Ne4 Bd4 35. Bb1 f5 36. Ng5 Qd7 37. Qxf4 Bf6 38. Nf3 Qxa4 39. h4 Qd7 40.
g3 Nxd3 41. Bxd3 Qxd3 42. Kg2 a5 43. Re6 a4 44. Qc7 Qd7 45. Qxd7 Rxd7 46. Ra6 Rd3 47. Rxa4 Rc3 48. Ng1 Rc2 49. Nh3 Kh7 50. Nf4 Bd4 51. Nh3 Kh6 52. Ra8 Kh7 53. Ng5+ Kh6 54. Rh8# 1-0

[Event "Late-Titled-Tuesday-Blitz-February-27-2024"]
[Site "Chess.com"]
[Date "2024.02.27"]
[Round "6"]
[White "VinzentSpitzl"]
[Black "wqws"]
[Result "0-1"]
[WhiteElo "2527"]
[BlackElo "2687"]
[TimeControl "180+1"]
[EndTime "15:05:50 PST"]
[Termination "wqws won by resignation"]

1. d4 Nf6 2. Nf3 g6 3. g3 Bg7 4. Bg2 O-O 5. b3 a5 6. Bb2 a4 7.
O-O b6 8. c4 Bb7 9. Nbd2 c5 10.
Qc2 Nc6 11. Rfe1 Nb4 12. Qc1 a3 13. Bc3 Ne4 14. Nxe4 Bxe4 15. Bxb4 cxb4 16. Qe3 f5 17. Ne5 Bxg2 18. Kxg2 Qc7 19. f4 Qb7+ 20. Qf3 Rab8 21.
Rad1 Rfc8 22. e4 d6 23. Nd3 b5 24. c5 Bxd4 25. cxd6 Rc2+ 26. Kh3 Qd7 27. Nxb4 fxe4+ 28. Qg4 Rxh2+ 29. Kxh2 Qxg4 30. Rxd4 exd6 31. Nd5 Kg7 32.
Rdxe4 Rc8 33. Re7+ Kf8 34. R1e2 Qh5+ 35. Kg1 Qxd5 36.
Kf2 Rc2 37. Re8+ Kf7 38. Re7+ Kf6 39. Re3 Rxe2+ 40. Rxe2 Qd4+ 41. Kf3 d5 0-1

[Event "Late-Titled-Tuesday-Blitz-February-27-2024"]
[Site "Chess.com"]
[Date "2024.02.27"]
[Round "6"]
[White "wild3000"]
[Black "AlexTruskavetsky"]
[Result "1-0"]
[WhiteElo "2499"]
[BlackElo "2696"]
[TimeControl "180+1"]
[EndTime "15:05:52 PST"]
[Termination "wild3000 won by checkmate"]

1. e4 c5 2. Nf3 Nc6 3. Bb5 g6 4.
O-O Bg7 5. Re1 e5 6. c3 Nge7 7. Na3 O-O 8. Nc2 d6 9. d4 exd4 10. cxd4 a6 11. Bf1 Bg4 12. Be3 cxd4 13. Ncxd4 Nxd4 14. Bxd4 Bxf3 15. gxf3 Bxd4 16. Qxd4 Nc6 17. Qe3 d5 18. Bg2 d4 19. Qd2 Rc8 20. f4 Qd7 21. e5 Ne7 22. Rad1 Rfd8 23. Qd3 b5 24. Bh3 Qb7 25. Bxc8 Qxc8 26. Qe4 Qg4+ 27. Kh1 Nf5 28.
Rg1 Qh3 29. Rd3 Qh5 30. Rg5 Qh4 31. Qxf5 Qxf2 32. Qe4 Qxb2 33. e6 Re8 34. exf7+ Kxf7 35. Re5 Qb1+ 36. Kg2 Qxa2+ 37. Kg3 Rc8 38. Re7+ Kf8 39. Qe5 Qf7 40. Rxf7+ Kxf7 41. Qxd4 Re8 42. Qd5+ Kf6 43. Qc6+ Re6 44. Rd6 Rxd6 45. Qxd6+ Kf5 46. Qe5# 1-0

[Event "Late-Titled-Tuesday-Blitz-February-27-2024"]
[Site "Chess.com"]
[Date "2024.02.27"]
[Round "6"]
[White "VitorBronson"]
[Black "NCchamp"]
[Result "0-1"]
[WhiteElo "2490"]
[BlackElo "2362"]
[TimeControl "180+1"]
[EndTime "15:05:54 PST"]
[Termination "NCchamp won by resignation"]

1. d4 d5 2. c4 dxc4 3. e3 e5 4.
Bxc4 exd4 5. exd4 Bd6 6. Nf3 Nf6 7. O-O O-O 8. h3 h6 9. Nc3 Nc6 10. Re1 Re8 11. Rxe8+ Qxe8 12. Be3 Bf5 13. Qd2 Ne4 14. Nxe4 Bxe4 15. Nh2 Rd8 16. Re1 Bb4 17. Qc1 Bxe1 18. Qxe1 Bd5 19. Bb5 a6 20. Bd3 Nxd4 21. Qb4 Ne6 22. Ng4 Qc6 23. Ne5 Qd6 24. Qc3 Ng5 25. f4 Ne4 26. Qd4 Nf6 27. Qc3 Be6 28. f5 Nd5 29.
Qd4 Nxe3 30. Qxe3 Bd5 31. Ng4 Qb6 32. Kf2 Bxa2 33. Be4 Rd2+ 34. Kf3 Qxe3+ 35. Kxe3 Rxb2 36. f6 Rb3+ 37. Kf4 Rb4 38. Ke5 Be6 39. Ne3 Rb5+ 40.
Kd4 gxf6 41. Bd3 Rb4+ 42. Kc3 Rb3+ 43. Kd4 a5 44. Bc2 Rb2 45. Kc3 Ra2 46. g4 Ra3+ 47.
Kd4 a4 48. Be4 b5 49. Bc6 b4 50. Kc5 Rxe3 51. Kxb4 a3 0-1

[Event "Late-Titled-Tuesday-Blitz-February-27-2024"]
[Site "Chess.com"]
[Date "2024.02.27"]
[Round "6"]
[White "Zhigalko_Sergei"]
[Black "Djager97"]
[Result "1-0"]
[WhiteElo "2900"]
[BlackElo "2638"]
[TimeControl "180+1"]
[EndTime "15:05:56 PST"]
[Termination "Zhigalko_Sergei won on time"]

1. e4 e6 2. d4 d5 3. e5 c5 4. c3 Qb6 5. Nf3 Nc6 6. Bd3 cxd4 7.
O-O Bd7 8. Re1 Nge7 9. h4 g6 10. h5 Nf5 11. a3 Be7 12. b4 O-O-O 13. h6 Kb8 14. Bg5 Rdf8 15. Bxe7 Ncxe7 16. Qd2 Nc6 17. c4 dxc4 18. Bxc4 Rc8 19. Bd3 Nce7 20. Qf4 Bc6 21.
Ng5 Nd5 22. Qh2 Qc7 23. Nd2 Qe7 24. Nde4 Ka8 25. Rac1 Ba4 26. Rxc8+ Rxc8 27. Nxh7 Nc3 28.
Neg5 a5 29. Nf6 axb4 30. axb4 Qxb4 31. Qf4 Nd5 32. Qe4 Nfe3 33. Ra1 1-0